 Dungeon Crawl Stone Soup version 0.27.0-1-g7a089689b8 (webtiles) character file.

Game seed: 1216169703676126376

19345 mandarbmax the Fighter (level 12, -5/115 HPs)
             Began as a Minotaur Transmuter on July 31, 2021.
             Was a Believer of Ru.
             Slain by a four-headed hydra (11 damage)
             ... on level 3 of the Lair of Beasts.
             The game lasted 00:41:56 (18811 turns).

mandarbmax the Fighter (Minotaur Transmuter)       Turns: 18811, Time: 00:41:56

Health: -5/115     AC:  2    Str: 22    XL:     12   Next: 35%
Magic:  0/14       EV: 27    Int: 14    God:    Ru [**....]
Gold:   359        SH:  0    Dex: 16    Spells: 9/15 levels left

rFire    . . .     SeeInvis .     - Unarmed
rCold    + . .     Faith    .   (shield currently unavailable)
rNeg     . . .     Spirit   +   (armour currently unavailable)
rPois    .         Reflect  .   (helmet currently unavailable)
rElec    +         Harm     .   (cloak currently unavailable)
rCorr    +         Rampage  .   (gloves currently unavailable)
Will     .....                  (boots currently unavailable)
Stlth    ..........             m - amulet of guardian spirit
HPRegen  0.29/turn              s - ring "Hytal" {rPois rC+}
MPRegen  0.14/turn              K - ring of Xom's Full Attention {rElec rCorr Str+6}

@: spider-form (expiring), wereblooded, studying Shields
A: venomous fangs, tiny, (horns 2), no stealth, inability to train armour,
(retaliatory headbutt)
a: End Transformation, Renounce Religion


You were on level 3 of the Lair of Beasts.
You worshipped Ru.
Ru was pleased with you.
You were a venomous arachnid creature.
You visited 3 branches of the dungeon, and saw 13 of its levels.

You collected 589 gold pieces.
You spent 230 gold pieces at shops.

Inventory:

Hand Weapons
 q - the +7 hand axe of Integrity {flame, +Blink rElec rN+++ Str-4}
   (You took it off an orc wizard on level 6 of the Dungeon)

   It burns those it strikes, dealing additional fire damage.
   Big, fiery blades are also staple armaments of hydra-hunters.
   Str:       It affects your strength (-4).
   rElec:     It insulates you from electricity.
   rN:        It renders you almost immune to negative energy.
   +Blink:    It lets you blink.
Missiles
 u - 61 poisoned darts
 x - 7 boomerangs
Armour
 e - a +2 pair of boots (melded)
 h - the +6 ring mail of Heresy {-Cast Will+ Str+3}
   (You found it on level 4 of the Dungeon)

   Str:       It affects your strength (+3).
   -Cast:     It prevents spellcasting.
   Will:      It increases your willpower.
 n - +0 swamp dragon scales
 p - a +2 robe of cold resistance (melded)
 H - a +1 cloak of poison resistance (melded)
Magical Staves
 f - a staff of poison
Jewellery
 m - an amulet of guardian spirit (around neck)
 s - the ring "Hytal" (left front leg) {rPois rC+}
   (You found it on level 8 of the Dungeon)

   [ring of protection from cold]

   rC:        It protects you from cold.
   rPois:     It protects you from poison.
 B - a ring of flight
 F - a ring of see invisible
 K - a ring of Xom's Full Attention (right front leg) {rElec rCorr Str+6}
   (You found it on level 1 of the Lair of Beasts)

   [ring of strength]

   Str:       It affects your strength (+6).
   rElec:     It insulates you from electricity.
   rCorr:     It protects you from acid and corrosion.
Wands
 o - a wand of mindburst (10)
 z - a wand of charming (5)
 A - a wand of iceblast (13)
 G - a wand of flame (17) (quivered)
Scrolls
 a - 2 scrolls of fog
 d - a scroll of magic mapping {unknown}
 g - a scroll of acquirement {unknown}
 l - a scroll of holy word
 r - a scroll of blinking {unknown}
 t - a scroll of enchant armour {unknown}
 w - a scroll of brand weapon {unknown}
 y - a scroll of fear {unknown}
 C - a scroll of silence {unknown}
 E - a scroll of immolation {unknown}
 J - a scroll of teleportation
Potions
 b - a potion of haste
 c - a potion of cancellation
 i - a potion of brilliance
 k - 3 potions of mutation
 v - a potion of magic
 D - 3 potions of flight
 I - a potion of berserk rage


   Skills:
 - Level 13.0 Fighting
 + Level 11.1 Dodging
 - Level 12.0 Unarmed Combat
 - Level 2.0 Spellcasting
 - Level 8.0 Transmutations


You had 9 spell levels left.
You knew the following spells:

 Your Spells              Type           Power      Damage    Failure   Level
a - Beastly Appendage     Tmut           46%        N/A       4%          1
b - Wereblood             Tmut           23%        N/A       6%          2
c - Spider Form           Tmut/Pois      6%         N/A       32%         3

Your spell library contained the following spells:

 Spells                   Type           Power      Damage    Failure   Level
 Sting                    Tmut/Pois      48%        1d5       14%         1
 Magic Dart               Conj           4%         1d3       45%         1
 Blade Hands              Tmut           11%        N/A       45%         5
 Call Imp                 Summ           1%         N/A       56%         2
 Poisonous Vapours        Pois/Air       2%         N/A       56%         2
 Ice Form                 Ice/Tmut       12%        N/A       63%         4
 Mephitic Cloud           Conj/Pois/Air  1%         N/A       77%         3
 Stone Arrow              Conj/Erth      2%         3d7       77%         3
 Irradiate                Conj/Tmut      6%         3d15      90%         5
 Olgreb's Toxic Radiance  Pois           1%         N/A       98%         4
 Bolt of Magma            Conj/Fire/Erth 0%         4d4       100%        5
 Dragon Form              Tmut           11%        N/A       100%        7
 Shatter                  Erth           0%         3d5*      100%        9


Dungeon Overview and Level Annotations

Branches:
Dungeon (9/15)             Temple (1/1) D:5            Lair (3/6) D:8
 Shoals (0/4) Lair:2
  Snake: Lair:2-4    Spider: Lair:2-4       Orc: D:9-12

Altars:
Ashenzari
Cheibriados
Dithmenos
Elyvilon
Fedhas
Gozag
Hepliaklqana
Kikubaaqudgha
Nemelex Xobeh
Okawaru
Qazlal
Ru
Sif Muna
Trog
Uskayaw
Vehumet
Wu Jian
Xom
Yredelemnul
Beogh

Shops:
D:5 *


Innate Abilities, Weirdness & Mutations

You are a venomous arachnid creature.
You have poisonous fangs.
You are tiny and dextrous.
Your spellcasting is less reliable in this form.
Your armour is entirely melded.
You are incapable of wielding weapons or throwing items.
((You have a pair of horns on your head.))
You cannot be stealthy.
You cannot train Armour skill.
((You reflexively headbutt those who attack you in melee.))


Message History

The wyvern is almost dead.
The wyvern misses you.
The four-headed hydra bites you but does no damage.
The four-headed hydra completely misses you.
The four-headed hydra barely misses you.
The four-headed hydra completely misses you.
You bite the four-headed hydra!
The four-headed hydra is moderately wounded.
The four-headed hydra bites you but does no damage.
The four-headed hydra completely misses you.
The four-headed hydra bites you! x2
Unknown command.
You bite the four-headed hydra!
The four-headed hydra is moderately wounded.
Your transformation is almost over.
You feel a bit better.
You kill the wyvern!
You hit the four-headed hydra.
The four-headed hydra is moderately wounded.
The four-headed hydra completely misses you. x2
The four-headed hydra bites you!
The four-headed hydra completely misses you.
Unknown command.
You maul the four-headed hydra!!
The four-headed hydra is severely wounded.
The cane toad stings you!!
You are poisoned.
The cane toad poisons you!
You focus your inner power and blind the cane toad in retribution!
The four-headed hydra closely misses you.
The four-headed hydra bites you! x2
* * * LOW HITPOINT WARNING * * *
The four-headed hydra bites you!
* * * LOW HITPOINT WARNING * * *
You feel better. The cane toad completely misses you.
The four-headed hydra barely misses you.
The four-headed hydra misses you. The four-headed hydra bites you!
* * * LOW HITPOINT WARNING * * *
The four-headed hydra bites you!
You die...

### ###########
..####P#.##..#.#######
.....................#
.....................#
.....................#
...............†s....#
...............DF....#
.###########.........#
.# ##........P# .#
#.........# .#
P.........# ##
#.<........# #
..........## #


You could see a four-headed hydra and a cane toad (blind).

Vanquished Creatures
  4 hydras
  3 death yaks (Lair:2)
  A two-headed ogre (D:9)
  Pikel (D:6)
  Joseph (D:8)
  A black mamba (Lair:2)
  2 cane toads
  Maggie (D:6)
  2 rime drakes
  4 komodo dragons
  A hornet (D:8)
  4 slime creatures (D:8)
  5 blink frogs (Lair:1)
  A snapping turtle (Lair:2)
  16 yaks
  3 wyverns
  A basilisk (Lair:1)
  A steam dragon (D:8)
  Menkaure (D:4)
  An acid dragon (D:8)
  7 water moccasins
  An ice beast (D:7)
  2 sky beasts
  2 orc warriors
  3 black bears
  9 wolves
  5 centaurs
  A phantom (D:5)
  A kobold brigand (D:7)
  A gnoll sergeant (D:7)
  5 bullfrogs
  A scorpion (D:5)
  A water moccasin skeleton (D:7)
  9 killer bees
  A crimson imp (D:7)
  A bullfrog zombie (D:6)
  2 jellies (D:4)
  5 hounds
  A bullfrog skeleton (D:5)
  8 orc priests
  A centaur skeleton (D:7)
  A gnoll shaman (D:5)
  3 iguanas
  Natasha (thrice) (D:4)
  7 orc wizards
  A howler monkey zombie (D:6)
  9 gnolls
  9 adders
  A shadow imp (D:7)
  A white imp (D:7)
  3 ufetubi
  3 worms
  2 dart slugs
  27 orcs
  6 endoplasms
  4 giant cockroaches
  8 goblins
  A hobgoblin (D:1)
  4 jackals (D:3)
  4 ball pythons
  A bat (D:3)
  A frilled lizard (D:1)
  11 kobolds
  A rat (D:3)
232 creatures vanquished.

Vanquished Creatures (collateral kills)
  A phantom (D:5)
  A gnoll (D:5)
  An orc (D:5)
3 creatures vanquished.

Vanquished Creatures (others)
  A vampire (D:8)
  A yak (Lair:1)
  4 fungi
  3 plants (Lair:2)
9 creatures vanquished.

Grand Total: 244 creatures vanquished

Notes
Turn   | Place    | Note
-------+----------+-------------------------------------------
     0 | D:1      | mandarbmax the Minotaur Transmuter began the quest for the
                  | Orb.
     0 | D:1      | Reached XP level 1. HP: 16/16 MP: 1/1
   307 | D:1      | Reached XP level 2. HP: 19/23 MP: 0/3
   585 | D:1      | Learned a level 2 spell: Wereblood
   678 | D:1      | Reached skill level 2 in Fighting
  1037 | D:2      | Reached XP level 3. HP: 26/29 MP: 0/4
  1158 | D:2      | You fall into a shaft and drop 2 floors!
  1186 | D:4      | Reached XP level 4. HP: 19/36 MP: 3/6
  1404 | D:3      | Learned a level 3 spell: Spider Form
  1784 | D:3      | Reached XP level 5. HP: 17/41 MP: 7/7
  3166 | D:2      | Found a faded altar of an unknown god.
  3974 | D:4      | Reached XP level 6. HP: 48/48 MP: 3/8
  4098 | D:4      | Noticed Natasha
  4114 | D:4      | Killed Natasha
  4350 | D:4      | You fall into a shaft and drop 3 floors!
  4433 | D:7      | Noticed an orc warrior
  4446 | D:7      | Reached skill level 5 in Unarmed Combat
  4844 | D:7      | Noticed an ice beast
  4864 | D:7      | Killed an ice beast
  4865 | D:7      | Reached XP level 7. HP: 31/55 MP: 2/9
  4873 | D:7      | Reached skill level 5 in Transmutations
  5032 | D:5      | Entered Level 5 of the Dungeon
  5402 | D:5      | Reached XP level 8. HP: 25/61 MP: 4/10
  5404 | D:5      | HP: 3/61 [gnoll (7)]
  5719 | D:4      | Noticed Natasha
  5725 | D:4      | Killed Natasha
  5759 | D:4      | Noticed Menkaure
  5769 | D:4      | Killed Menkaure
  5851 | D:4      | Noticed Natasha
  5861 | D:4      | Killed Natasha
  6254 | D:4      | Found an iron altar of Okawaru.
  6370 | D:4      | Identified the +6 ring mail of Heresy {-Cast Will+ Str+3}
  6977 | D:5      | Found a staircase to the Ecumenical Temple.
  6986 | Temple   | Entered the Ecumenical Temple
  7179 | Temple   | Became a worshipper of Ru the Awakened
  7226 | D:5      | Found Efroen's General Store.
  7243 | D:5      | Bought a +2 robe of cold resistance for 230 gold pieces
  7603 | D:6      | Reached skill level 10 in Unarmed Combat
  7916 | D:6      | Reached skill level 3 in Fighting
  8008 | D:6      | Noticed Pikel
  8031 | D:6      | Killed Pikel
  8032 | D:6      | Reached skill level 5 in Fighting
  8032 | D:6      | Reached skill level 5 in Dodging
  8032 | D:6      | Reached XP level 9. HP: 12/74 MP: 0/11
  8353 | D:6      | Identified the +7 hand axe of Integrity {flame, +Blink
                  | rElec rN+++ Str-4}
  8471 | D:6      | Noticed Maggie
  8482 | D:6      | Killed Maggie
  8483 | D:6      | Reached skill level 6 in Fighting
  9454 | D:6      | Reached skill level 7 in Fighting
 10067 | D:6      | Reached skill level 8 in Fighting
 10784 | D:7      | Gained mutation: You cannot train Armour skill. [Ru
                  | sacrifice]
 10784 | D:7      | Reached * piety under Ru
 11379 | D:7      | Reached XP level 10. HP: 57/90 MP: 3/12
 12138 | D:8      | Reached skill level 9 in Fighting
 12566 | D:8      | Reached skill level 10 in Fighting
 12890 | D:8      | Reached skill level 10 in Dodging
 13233 | D:8      | Identified the ring "Hytal" {rPois rC+}
 13305 | D:8      | Found a staircase to the Lair.
 13385 | D:8      | Noticed Joseph
 13404 | D:8      | Killed Joseph
 13708 | D:9      | Noticed a skeletal warrior
 13708 | D:9      | Noticed a skeletal warrior
 13708 | D:9      | Noticed a skeletal warrior
 13708 | D:9      | Noticed a skeletal warrior
 14026 | D:9      | Reached skill level 11 in Fighting
 14213 | D:9      | Noticed a two-headed ogre
 14223 | D:9      | Killed a two-headed ogre
 14484 | Lair:1   | Entered Level 1 of the Lair of Beasts
 14488 | Lair:1   | Noticed a seven-headed hydra
 14572 | Lair:1   | Killed a seven-headed hydra
 14573 | Lair:1   | Reached XP level 11. HP: 60/102 MP: 4/13
 14871 | Lair:1   | Gained mutation: You cannot be stealthy. [Ru sacrifice]
 14871 | Lair:1   | Reached ** piety under Ru
 14876 | Lair:1   | Reached skill level 12 in Fighting
 15682 | Lair:1   | You fall into a shaft and drop 1 floor!
 15682 | Lair:2   | Noticed a death yak
 15682 | Lair:2   | Noticed a death yak
 15682 | Lair:2   | Noticed a death yak
 15712 | Lair:2   | Noticed a six-headed hydra
 15724 | Lair:2   | Killed a six-headed hydra
 16218 | Lair:1   | Identified a ring of Xom's Full Attention {rElec rCorr
                  | Str+6}
 16663 | Lair:1   | Reached skill level 13 in Fighting
 17515 | Lair:2   | Found a staircase to the Shoals.
 17527 | Lair:2   | Reached XP level 12. HP: 115/115 MP: 8/14
 17695 | Lair:2   | Killed a death yak
 17708 | Lair:2   | Killed a death yak
 17718 | Lair:2   | Killed a death yak
 18306 | Lair:3   | Noticed a five-headed hydra
 18317 | Lair:3   | Killed a five-headed hydra
 18504 | Lair:3   | Noticed a five-headed hydra
 18514 | Lair:3   | Killed a five-headed hydra
 18799 | Lair:3   | Noticed a four-headed hydra
 18811 | Lair:3   | Slain by a four-headed hydra

Illustrated notes

Levels and vault maps discovered:
D:1:      evilmike_arrival_hilbert_curve, layout_rooms
D:2:      layout_basic, ebering_ecumenical_altar_rust
D:3:      layout_basic, kennysheep_orc_chapel
D:4:      layout_cave_pools, marbit_many_paths, serial_park, serial_park_gazebo
          [serial_park_minivault_5x5_8], serial_park_tiny_1, minmay_checkerbox,
          uniq_natasha, uniq_menkaure
D:5:      layout_basic, minmay_temple_entry_purple_smoke, serial_shops,
          nicolae_shop_waterfront
D:6:      layout_basic, cheibrodos_sewer_entry_bend, minivault_1,
          chequers_decorated_corner, uniq_maggie, uniq_pikel
D:7:      layout_basic, dk_noncrumbling_2, kennysheep_minor_cross,
          minmay_fire_ice_demons
D:8:      layout_loops_ring, lair_entry_dummy, minivault_26, minmay_manual_maat,
          uniq_joseph
D:9:      layout_basic
Temple:   dpeg_five_rooms_temple
Lair:1:   layout_roguey
Lair:2:   layout_loops_ring, minmay_shoals_entry_hut, minivault_27,
          grunt_megastairs_5
Lair:3:   dpeg_oklob_gauntlet, layout_big_grid, basic_altar, wad_woods_river_03

Skill      XL: |  1  2  3  4  5  6  7  8  9 10 11 12 |
---------------+-------------------------------------+-----
Unarmed Combat | 4 5 8 10 11 12 | 12.0
Fighting       | 2 5 8 11 13 | 13.0
Spellcasting   | 2 |  2.0
Transmutations | 2 3 4 5 6 8 |  8.0
Dodging        | 5 7 10 11 | 11.1

Action                   |  1- 3 |  4- 6 |  7- 9 | 10-12 || total
-------------------------+-------+-------+-------+-------++-------
Melee: Unarmed           |    55 |   143 |   307 |   399 ||   904
       Headbutt          |    10 |     9 |    16 |     7 ||    42
       Kick              |    13 |     4 |       |       ||    17
       Punch             |       |     1 |     3 |     4 ||     8
 Cast: Beastly Appendage |    12 |     8 |     1 |     1 ||    22
       Wereblood         |     1 |     8 |    24 |    23 ||    56
       Spider Form       |       |    18 |    39 |    41 ||    98
Invok: Sacrifice Durabil |       |       |     1 |       ||     1
       Sacrifice Stealth |       |       |       |     1 ||     1
Evoke: Wand              |       |       |       |     5 ||     5
  Use: Potion            |     1 |     2 |     4 |     6 ||    13
       Scroll            |     1 |     4 |     6 |     5 ||    16
 Stab: Sleeping          |       |       |     1 |       ||     1
Armor: Leather armour    |     7 |    29 |    12 |       ||    48
       Robe              |     2 |       |     3 |       ||     5
       Skin              |       |     2 |    10 |    56 ||    68
       Swamp dragon scal |       |       |    35 |    25 ||    60
Dodge: Dodged            |    35 |    89 |   209 |   311 ||   644
